TOP OF THE 1ST |
Amarillo Archdukes batting - Pitching for Richmond Flairs : RHP Walt Burton
|
Pitching: RHP Walt Burton
|
|
Batting: RHB Mitsuoki Taguchi
|
0-0: SINGLE (Flyball, 8RS)
|
Batting: LHB Howard Lambert
|
0-0: Ball 1-0: Fly out, F9 (Line Drive, 9M)
|
Batting: LHB Michael Cook
|
0-0: Ball 1-0: Fly out, F7 (Flyball, 78M)
|
Batting: RHB Tim Chambers
|
0-0: Ball 1-0: Foul Ball, location: 2F 1-1: Ball 2-1: Called Strike 2-2: Foul Ball, location: 2F 2-2: Strikes out swinging
|
Top of the 1st over - 0 run(s), 1 hit(s), 0 error(s), 1 left on base; Amarillo 0 - Richmond 0 |
BOTTOM OF THE 1ST |
Richmond Flairs batting - Pitching for Amarillo Archdukes : RHP José Abacil
|
Pitching: RHP José Abacil
|
|
Batting: RHB Alberto Hernández
|
0-0: Ball 1-0: Ground out 6-3 (Groundball, 6)
|
Batting: RHB Jack Ray
|
0-0: Called Strike 0-1: Fly out, F8 (Flyball, 8LS)
|
Batting: LHB Sean Nicks
|
0-0: Called Strike 0-1: Ball 1-1: Swinging Strike 1-2: Ball 2-2: Strikes out swinging
|
Bottom of the 1st over - 0 run(s), 0 hit(s), 0 error(s), 0 left on base; Amarillo 0 - Richmond 0 |
TOP OF THE 2ND |
Amarillo Archdukes batting - Pitching for Richmond Flairs : RHP Walt Burton
|
Batting: LHB Chris Pryor
|
0-0: Ball 1-0: Ball 2-0: Called Strike 2-1: SINGLE (Line Drive, 56D)
|
Batting: RHB José Tamayo
|
0-0: Called Strike 0-1: Called Strike 0-2: Ball 1-2: Strikes out looking
|
Batting: RHB Nobuharu Hoshino
|
0-0: Foul Ball, location: 2F 0-1: Foul Ball, location: 2F 0-2: Strikes out swinging
|
Batting: RHB Tony Quinn
|
0-0: Foul Ball, location: 2F 0-1: Ball 1-1: Fly out, F3 (Popup, 3S)
|
Top of the 2nd over - 0 run(s), 1 hit(s), 0 error(s), 1 left on base; Amarillo 0 - Richmond 0 |
BOTTOM OF THE 2ND |
Richmond Flairs batting - Pitching for Amarillo Archdukes : RHP José Abacil
|
Batting: RHB Jorge Jiménez
|
0-0: DOUBLE (Flyball, 89D)
|
Batting: RHB Elliott Johnston
|
0-0: Foul Ball, location: 2F 0-1: Fly out, F7 (Flyball, 78D)
|
Batting: LHB Roland Jones
|
0-0: Ground out 4-3 (Groundball, 4) Jorge Jiménez to third
|
Batting: RHB Max Jones
|
0-0: Ball 1-0: 2-RUN HOME RUN (Flyball, 7LD), Distance : 340 ft
|
Batting: RHB Guo-xiu Hsueh
|
0-0: Ball 1-0: Swinging Strike 1-1: Swinging Strike 1-2: SINGLE (Line Drive, 78S)
|
Batting: RHB Armando González
|
0-0: Ball 1-0: Ball 2-0: SINGLE (Groundball, 6M) Guo-xiu Hsueh to second
|
Batting: RHB Alberto Hernández
|
0-0: Ball 1-0: Called Strike 1-1: Ball 2-1: Swinging Strike 2-2: DOUBLE (Groundball, 5L) Guo-xiu Hsueh scores Armando González to third Runner from 3rd tries for Home, SAFE, throw made at trailing runner, OUT at third!
|
Bottom of the 2nd over - 4 run(s), 5 hit(s), 0 error(s), 0 left on base; Amarillo 0 - Richmond 4 |
TOP OF THE 3RD |
Amarillo Archdukes batting - Pitching for Richmond Flairs : RHP Walt Burton
|
Batting: RHB Mark Roy
|
0-0: Called Strike 0-1: Foul Ball, location: 2F 0-2: Ball 1-2: Ball 2-2: Strikes out looking
|
Batting: RHB Mitsuoki Taguchi
|
0-0: Ball 1-0: Called Strike 1-1: Foul Ball, location: 2F 1-2: SINGLE (Line Drive, 6D)
|
Batting: LHB Howard Lambert
|
0-0: SINGLE (Groundball, 25) (infield hit) Mitsuoki Taguchi to second
|
Batting: LHB Michael Cook
|
0-0: Ball 1-0: Ball 2-0: 3-RUN HOME RUN (Flyball, 9LD), Distance : 344 ft
|
Batting: RHB Tim Chambers
|
0-0: Called Strike 0-1: Ball 1-1: Foul Ball, location: 2F 1-2: Ground out 6-3 (Groundball, 6)
|
Batting: LHB Chris Pryor
|
0-0: Ball 1-0: DOUBLE (Line Drive, 9D)
|
Batting: RHB José Tamayo
|
0-0: Called Strike 0-1: Foul Ball, location: 2F 0-2: Ball 1-2: Foul Ball, location: 2F 1-2: Strikes out swinging
|
Top of the 3rd over - 3 run(s), 4 hit(s), 0 error(s), 1 left on base; Amarillo 3 - Richmond 4 |
BOTTOM OF THE 3RD |
Richmond Flairs batting - Pitching for Amarillo Archdukes : RHP José Abacil
|
Batting: RHB Jack Ray
|
0-0: Ball 1-0: Foul Ball, location: 2F 1-1: DOUBLE (Line Drive, 8RM)
|
Batting: LHB Sean Nicks
|
0-0: Ball 1-0: Ball 2-0: Called Strike 2-1: Foul Ball, location: 2F 2-2: Fly out, F7 (Flyball, 7LS)
|
Batting: RHB Jorge Jiménez
|
0-0: Foul Ball, location: 2F 0-1: Ball Passed Ball! Jack Ray to third 1-1: Called Strike 1-2: Ball 2-2: Ground out 4-3 (Groundball, 4) Jack Ray scores
|
Batting: RHB Elliott Johnston
|
0-0: Ball 1-0: Foul Ball, location: 2F 1-1: Foul Ball, location: 2F 1-2: Ground out 5-3 (Groundball, 5L)
|
Bottom of the 3rd over - 1 run(s), 1 hit(s), 0 error(s), 0 left on base; Amarillo 3 - Richmond 5 |
TOP OF THE 4TH |
Amarillo Archdukes batting - Pitching for Richmond Flairs : RHP Walt Burton
|
Batting: RHB Nobuharu Hoshino
|
0-0: Ball 1-0: SINGLE (Line Drive, 4D)
|
Batting: RHB Tony Quinn
|
0-0: Swinging Strike 0-1: Foul Ball, location: 2F 0-2: Strikes out looking
|
Batting: RHB Mark Roy
|
0-0: Called Strike 0-1: Ball 1-1: Swinging Strike 1-2: Ball 2-2: SINGLE (Groundball, 56D) (infield hit) Nobuharu Hoshino to second
|
Batting: RHB Mitsuoki Taguchi
|
0-0: Called Strike 0-1: Swinging Strike 0-2: Strikes out swinging
|
Batting: LHB Howard Lambert
|
0-0: Ball 1-0: Swinging Strike 1-1: Ball 2-1: Ball 3-1: Swinging Strike 3-2: Base on Balls Nobuharu Hoshino to third Mark Roy to second
|
Batting: LHB Michael Cook
|
0-0: Called Strike 0-1: Ball 1-1: DOUBLE (Line Drive, 9LS) Nobuharu Hoshino scores Mark Roy scores Howard Lambert to third Runner from 3rd tries for Home, SAFE, no throw or cutoff
|
Batting: RHB Tim Chambers
|
0-0: Ball 1-0: Foul Ball, location: 2F 1-1: DOUBLE (Line Drive, 78D) Michael Cook scores
|
Pitching: RHP Fernando Guzmán
|
|
Batting: LHB Chris Pryor
|
0-0: Ball 1-0: Swinging Strike 1-1: 2-RUN HOME RUN (Flyball, 89XD), Distance : 376 ft
|
Batting: RHB José Tamayo
|
0-0: Ball 1-0: Foul Ball, location: 2F 1-1: Ball 2-1: Swinging Strike 2-2: Foul Ball, location: 2F 2-2: Strikes out swinging
|
Top of the 4th over - 6 run(s), 5 hit(s), 0 error(s), 0 left on base; Amarillo 9 - Richmond 5 |
BOTTOM OF THE 4TH |
Richmond Flairs batting - Pitching for Amarillo Archdukes : RHP José Abacil
|
Batting: LHB Roland Jones
|
0-0: Foul Ball, location: 2F 0-1: Ground out 6-3 (Groundball, 6M)
|
Batting: RHB Max Jones
|
0-0: Swinging Strike 0-1: Ball 1-1: Fly out, F8 (Flyball, 8RD)
|
Batting: RHB Guo-xiu Hsueh
|
0-0: Ball 1-0: Ball 2-0: Ball 3-0: Called Strike 3-1: Ground out 5-3 (Groundball, 56)
|
Bottom of the 4th over - 0 run(s), 0 hit(s), 0 error(s), 0 left on base; Amarillo 9 - Richmond 5 |
TOP OF THE 5TH |
Amarillo Archdukes batting - Pitching for Richmond Flairs : RHP Fernando Guzmán
|
Batting: RHB Nobuharu Hoshino
|
0-0: Ball 1-0: Ball 2-0: Foul Ball, location: 2F 2-1: Ground out 6-3 (Groundball, 6)
|
Batting: RHB Tony Quinn
|
0-0: Ball 1-0: SINGLE (Groundball, 6MD)
|
Batting: RHB Mark Roy
|
0-0: Called Strike 0-1: Fly out, F8 (Flyball, 78M)
|
Batting: RHB Mitsuoki Taguchi
|
0-0: Called Strike Tony Quinn steals 2nd base 0-1: Ground out 6-3 (Groundball, 56)
|
Top of the 5th over - 0 run(s), 1 hit(s), 0 error(s), 1 left on base; Amarillo 9 - Richmond 5 |
BOTTOM OF THE 5TH |
Richmond Flairs batting - Pitching for Amarillo Archdukes : RHP José Abacil
|
Batting: RHB Armando González
|
0-0: Ground out 5-3 (Groundball, 6S)
|
Batting: RHB Alberto Hernández
|
0-0: Ground out 6-3 (Groundball, 6)
|
Batting: RHB Jack Ray
|
0-0: Swinging Strike 0-1: Called Strike 0-2: Foul Ball, location: 2F 0-2: Ball 1-2: Ball 2-2: Ball 3-2: SINGLE (Line Drive, 6M)
|
Batting: LHB Sean Nicks
|
0-0: Ball Jack Ray steals 2nd base 1-0: Foul Ball, location: 2F 1-1: SINGLE (Groundball, 34D) Jack Ray to third Runner from 3rd tries for Home, SAFE, throw made home
|
Batting: RHB Jorge Jiménez
|
0-0: Ball 1-0: Called Strike 1-1: Foul Ball, location: 2F 1-2: 2-RUN HOME RUN (Flyball, 7D), Distance : 378 ft
|
Pitching: RHP Dalton Ray
|
|
Batting: RHB Elliott Johnston
|
0-0: Ball 1-0: Called Strike 1-1: Ball 2-1: Ball 3-1: Base on Balls
|
Batting: LHB Roland Jones
|
0-0: Ball 1-0: Called Strike 1-1: DOUBLE (Line Drive, 7LM) Elliott Johnston to third
|
Batting: RHB Max Jones
|
0-0: Called Strike 0-1: Ball 1-1: Ball 2-1: Ball 3-1: Base on Balls
|
Batting: RHB Guo-xiu Hsueh
|
0-0: Ball 1-0: Foul Ball, location: 2F 1-1: Swinging Strike 1-2: Strikes out looking
|
Bottom of the 5th over - 3 run(s), 4 hit(s), 0 error(s), 3 left on base; Amarillo 9 - Richmond 8 |
TOP OF THE 6TH |
Amarillo Archdukes batting - Pitching for Richmond Flairs : RHP Fernando Guzmán
|
Batting: LHB Howard Lambert
|
0-0: Called Strike 0-1: Ball 1-1: Ball 2-1: Ball 3-1: Base on Balls
|
Batting: LHB Michael Cook
|
0-0: Called Strike 0-1: Ball 1-1: Grounds into double play, 6-4-3 (Groundball, 6)
|
Batting: RHB Tim Chambers
|
0-0: Called Strike 0-1: Ball 1-1: Ball 2-1: Swinging Strike 2-2: Ball 3-2: SINGLE (Groundball, 6MD)
|
Batting: LHB Chris Pryor
|
0-0: Called Strike Tim Chambers is caught stealing 2nd base
|
Top of the 6th over - 0 run(s), 1 hit(s), 0 error(s), 0 left on base; Amarillo 9 - Richmond 8 |
BOTTOM OF THE 6TH |
Richmond Flairs batting - Pitching for Amarillo Archdukes : RHP Dalton Ray
|
Batting: RHB Armando González
|
0-0: Called Strike 0-1: Foul Ball, location: 2F 0-2: Ball 1-2: Ball 2-2: Strikes out looking
|
Batting: RHB Alberto Hernández
|
0-0: Foul Ball, location: 2F 0-1: Ball 1-1: Swinging Strike 1-2: Ball 2-2: Foul Ball, location: 2F 2-2: Fly out, F8 (Flyball, 8RD)
|
Batting: RHB Jack Ray
|
0-0: Foul Ball, location: 2F 0-1: Ball 1-1: Swinging Strike 1-2: Foul Ball, location: 2F 1-2: Reached on error, E1 (Groundball, 15)
|
Batting: LHB Sean Nicks
|
0-0: DOUBLE (Flyball, 8RXD) Jack Ray scores
|
Batting: RHB Jorge Jiménez
|
0-0: Called Strike 0-1: Ball 1-1: Ball 2-1: Ball Wild Pitch! Sean Nicks to third 3-1: Base on Balls
|
Batting: RHB Elliott Johnston
|
0-0: Ball 1-0: Swinging Strike 1-1: Called Strike 1-2: Foul Ball, location: 2F 1-2: Hit by Pitch Jorge Jiménez to second
|
Batting: LHB Roland Jones
|
0-0: Fly out, F5 (Popup, 5SF)
|
Bottom of the 6th over - 1 run(s), 1 hit(s), 1 error(s), 3 left on base; Amarillo 9 - Richmond 9 |
TOP OF THE 7TH |
Amarillo Archdukes batting - Pitching for Richmond Flairs : RHP Fernando Guzmán
|
Pitching: LHP Orlando Díaz
|
|
Batting: LHB Chris Pryor
|
0-0: Called Strike 0-1: Ball 1-1: Foul Ball, location: 2F 1-2: Foul Ball, location: 2F 1-2: Ball 2-2: Foul Ball, location: 2F 2-2: Ball 3-2: Foul Ball, location: 2F 3-2: Base on Balls
|
Batting: RHB José Tamayo
|
0-0: 2-RUN HOME RUN (Line Drive, 7LD), Distance : 340 ft
|
Batting: RHB Nobuharu Hoshino
|
0-0: Swinging Strike 0-1: Foul Ball, location: 2F 0-2: Fly out, F8 (Flyball, 8RXD)
|
Batting: RHB Tony Quinn
|
0-0: Swinging Strike 0-1: Called Strike 0-2: Foul Ball, location: 2F 0-2: Ball 1-2: Ball 2-2: Foul Ball, location: 2F 2-2: Foul Ball, location: 2F 2-2: Foul Ball, location: 2F 2-2: Strikes out looking
|
Batting: RHB Mark Roy
|
0-0: Called Strike 0-1: Foul Ball, location: 2F 0-2: Ball 1-2: Foul Ball, location: 2F 1-2: Strikes out swinging
|
Top of the 7th over - 2 run(s), 1 hit(s), 0 error(s), 0 left on base; Amarillo 11 - Richmond 9 |
BOTTOM OF THE 7TH |
Richmond Flairs batting - Pitching for Amarillo Archdukes : RHP Dalton Ray
|
Batting: RHB Max Jones
|
0-0: Foul Ball, location: 2F 0-1: Ground out 6-3 (Groundball, 6)
|
Batting: RHB Guo-xiu Hsueh
|
0-0: Ball 1-0: Called Strike 1-1: Foul Ball, location: 2F 1-2: Ball 2-2: SINGLE (Flyball, 7S)
|
Batting: RHB Armando González
|
0-0: Ball 1-0: Foul Ball, location: 2F 1-1: Reached on error, E6 (Groundball, 6) Guo-xiu Hsueh to second
|
Pinch Hitting: SHB António Enríquez
|
0-0: Swinging Strike 0-1: Ball 1-1: Foul Ball, location: 2F 1-2: Ball 2-2: Ball 3-2: Foul Ball, location: 2F 3-2: Grounds into double play, U6-3 (Groundball, 6M)
|
Bottom of the 7th over - 0 run(s), 1 hit(s), 1 error(s), 1 left on base; Amarillo 11 - Richmond 9 |
TOP OF THE 8TH |
Amarillo Archdukes batting - Pitching for Richmond Flairs : LHP Orlando Díaz
|
Now in CF: Mike Young
|
|
Batting: RHB Mitsuoki Taguchi
|
0-0: Ball 1-0: SINGLE (Line Drive, 9LS)
|
Batting: LHB Howard Lambert
|
0-0: Ball 1-0: Bunted foul 1-1: Ball 2-1: Sac Bunt - play at first, batter OUT! 1-4 Mitsuoki Taguchi to second
|
Batting: LHB Michael Cook
|
0-0: Foul Ball, location: 2F 0-1: Ball 1-1: Swinging Strike 1-2: Strikes out swinging
|
Batting: RHB Tim Chambers
|
0-0: Called Strike 0-1: Swinging Strike 0-2: Ball 1-2: Ball 2-2: Ball 3-2: Strikes out swinging
|
Top of the 8th over - 0 run(s), 1 hit(s), 0 error(s), 1 left on base; Amarillo 11 - Richmond 9 |
BOTTOM OF THE 8TH |
Richmond Flairs batting - Pitching for Amarillo Archdukes : RHP Dalton Ray
|
Pitching: RHP Mike Hodges
|
|
Batting: RHB Jack Ray
|
0-0: Called Strike 0-1: Called Strike 0-2: Ball 1-2: Ground out 1-3 (Groundball, 25)
|
Batting: LHB Sean Nicks
|
0-0: Called Strike 0-1: Foul Ball, location: 2F 0-2: Ball 1-2: Ball 2-2: Ball 3-2: Ground out 4-3 (Groundball, 4S)
|
Batting: RHB Jorge Jiménez
|
0-0: Called Strike 0-1: Ball 1-1: Ball 2-1: Foul Ball, location: 2F 2-2: Ball 3-2: SINGLE (Line Drive, 56)
|
Batting: RHB Elliott Johnston
|
0-0: Called Strike 0-1: Ball 1-1: Ball 2-1: Foul Ball, location: 2F 2-2: Strikes out swinging
|
Bottom of the 8th over - 0 run(s), 1 hit(s), 0 error(s), 1 left on base; Amarillo 11 - Richmond 9 |
TOP OF THE 9TH |
Amarillo Archdukes batting - Pitching for Richmond Flairs : LHP Orlando Díaz
|
Batting: LHB Chris Pryor
|
0-0: Called Strike 0-1: SOLO HOME RUN (Flyball, 9D), Distance : 361 ft
|
Pitching: RHP Hyeong-uk Yi
|
|
Batting: RHB José Tamayo
|
0-0: Ball 1-0: Called Strike 1-1: Foul Ball, location: 2F 1-2: Foul Ball, location: 2F 1-2: Strikes out looking
|
Batting: RHB Nobuharu Hoshino
|
0-0: Foul Ball, location: 2F 0-1: Ball 1-1: Foul Ball, location: 2F 1-2: SINGLE (Groundball, 6MD) (infield hit)
|
Batting: RHB Tony Quinn
|
0-0: Swinging Strike 0-1: Ball 1-1: Swinging Strike 1-2: Foul Ball, location: 2F 1-2: Strikes out looking
|
Batting: RHB Mark Roy
|
0-0: Ball Nobuharu Hoshino steals 2nd base 1-0: DOUBLE (Line Drive, 9LM) Nobuharu Hoshino scores
|
Batting: RHB Mitsuoki Taguchi
|
0-0: Foul Ball, location: 2F 0-1: Swinging Strike 0-2: Fly out, F8 (Flyball, 8RM)
|
Top of the 9th over - 2 run(s), 3 hit(s), 0 error(s), 1 left on base; Amarillo 13 - Richmond 9 |
BOTTOM OF THE 9TH |
Richmond Flairs batting - Pitching for Amarillo Archdukes : RHP Mike Hodges
|
Batting: LHB Roland Jones
|
0-0: SOLO HOME RUN (Flyball, 9LD), Distance : 433 ft
|
Pitching: RHP Nick Parks
|
|
Batting: RHB Max Jones
|
0-0: Called Strike 0-1: Foul Ball, location: 2F 0-2: Strikes out swinging
|
Batting: RHB Guo-xiu Hsueh
|
0-0: Called Strike 0-1: Foul Ball, location: 2F 0-2: Ball 1-2: Strikes out swinging
|
Batting: RHB Armando González
|
0-0: Swinging Strike 0-1: Ball 1-1: Foul Ball, location: 2F 1-2: Strikes out looking
|
Bottom of the 9th over - 1 run(s), 1 hit(s), 0 error(s), 0 left on base; Amarillo 13 - Richmond 10 |
|